 Dungeon Crawl Stone Soup version 0.31-a0-145-g046c7d2549 (webtiles) character file.

Game seed: 13559158391061778939

0 SkullPiercing the Conjurer (level 1, 0/14 HPs)
             Began as a Demigod Conjurer on June 7, 2023.
             Slain by a quokka (3 damage)
             ... on level 1 of the Dungeon.
             The game lasted 00:00:22 (45 turns).

SkullPiercing the Conjurer (Demigod Conjurer)         Turns: 45, Time: 00:00:22

Health: 0/14       AC:  2    Str:  8    XL:     1   Next: 6%
Magic:  4/5        EV: 12    Int: 20    God:
Gold:   14         SH:  0    Dex: 12    Spells: 2/3 levels left

rFire   . . .        (no weapon)
rCold   . . .        (no shield)
rNeg    . . .        a - +0 robe
rPois   .            (no helmet)
rElec   .            (no cloak)
rCorr   .            (no gloves)
SInv    .            (no boots)
Will    .....        (no amulet)
Stlth   ++           (no ring)
HPRegen 0.22/turn    (no ring)
MPRegen 0.09/turn

%: no passive effects
@: no status effects
A: high MP 1, forlorn, divine attributes
a: no special abilities


You were on level 1 of the Dungeon.
You visited 1 branch of the dungeon, and saw 1 of its levels.

You collected 14 gold pieces.

Inventory:

Armour
 a - a +0 robe (worn)
Potions
 b - a potion of magic
 c - a potion of cancellation {unknown}


   Skills:
 + Level 1.7 Dodging
 + Level 1.7 Stealth
 + Level 1.7 Spellcasting
 + Level 3.6 Conjurations


You had 2 spell levels left.
You knew the following spells:

 Your Spells              Type           Power      Damage    Failure   Level
a - Magic Dart            Conj           64%        1d6       3%          1

Your spell library contained the following spells:

 Spells                   Type           Power      Damage    Failure   Level
 Searing Ray              Conj           32%        2d5       5%          2
 Dazzling Flash           Conj/Hex       18%        N/A       22%         3
 Fulminant Prism          Conj/Hex       4%         3d5       58%         4
 Iskenderun's Mystic Bla  Conj/Tloc      9%         2d4       58%         4


Dungeon Overview and Level Annotations

Branches:
Dungeon (1/15)


Innate Abilities, Weirdness & Mutations

You have an increased reservoir of magic. (+10% MP)
You shall have no god before yourself.
Your divine heritage dramatically boosts your attributes as you level up.


Message History

You kill the kobold!
Found a sling.
A kobold comes into view. It is wielding a +0 short sword.
c - a fizzy pink potion You now have 14 gold pieces.
The kobold shouts!
The kobold throws a stone.
The stone barely misses you.
You hit the kobold but do no damage.
A quokka comes into view.
The kobold hits you but does no damage.
You closely miss the kobold.
The kobold hits you with a +0 short sword.
You closely miss the kobold. The quokka closely misses you.
A goblin comes into view. It is wielding a +0 dagger.
The kobold hits you with a +0 short sword.
Casting: Magic Dart (safe; 3% risk of failure)
Confirm with . or Enter, or press ? or * to list all spells.
Aiming: Magic Dart (safe; 3% risk of failure)
Press: ? - help, Shift-Dir - straight line, f - quokka
Aim: a quokka (100% to hit)
The magic dart hits the quokka.
The quokka is almost dead.
The goblin shouts!
The quokka bites you.
The kobold hits you with a +0 short sword.
You closely miss the quokka.
The quokka is almost dead.
The quokka twitches its whiskers.
The quokka barely misses you. The kobold barely misses you.
You hit the kobold but do no damage. The quokka bites you.
* * * LOW HITPOINT WARNING * * *
The kobold closely misses you. The goblin closely misses you.
You hit the goblin.
The goblin is moderately wounded.
The quokka closely misses you. The kobold hits you but does no damage.
The goblin misses you.
You miss the goblin.
The goblin is moderately wounded.
The quokka bites you.
You die...

#. #. #.# .. #.##
#####..####
#....rKg).# #
##.#..@.#.# .####
#.........######.#)..
#..................#
#.....###......#...
#.###..#.......#.####
#...#...............#
........##.........#
....~....#...).....#
#..~...~....##.....#


You could see a quokka, a goblin and a kobold.

Vanquished Creatures
  A kobold (D:1)
1 creature vanquished.

Notes
Turn   | Place    | Note
-------+----------+-------------------------------------------
     0 | D:1      | SkullPiercing the Demigod Conjurer began the quest for the
                  | Orb.
     0 | D:1      | Reached XP level 1. HP: 14/14 MP: 5/5
    45 | D:1      | Slain by a quokka

Illustrated notes

Levels and vault maps discovered:
D:1:      dpeg_arrival_more_subterranean_lakeside_camping, layout_loops_ring,
          kennysheep_another_room, minmay_heptomino_w4

Action                     || total
---------------------------++-------
  Melee: Unarmed           ||     9
   Cast: Magic Dart        ||     1
   Stab: Sleeping          ||     1
 Armour: Robe              ||     2
  Dodge: Dodged            ||     8

Table legend: (Time is in decaauts)
 A = Elapsed time spent in this place.
 B = Non-inter-level travel time spent in this place.
 C = Inter-level travel time spent in this place.
 D = Time resting spent in this place.
 E = Time spent auto-exploring this place.
 F = Levels seen in this place.
 G = Mean time per level.
                   A        B        C        D        E       F      G
               +--------+--------+--------+--------+--------+-----+--------+
         Total |     45 |     24 |     21 |      0 |      0 |   1 |   45.0 |
       Dungeon |     45 |     24 |     21 |      0 |      0 |   1 |   45.0 |
               +--------+--------+--------+--------+--------+-----+--------+

Top non-repeatable levels by time:
     D:1: 45 daAuts
